 Dungeon Crawl Stone Soup version 0.27.1-2-g3b301248ec (webtiles) character file.

Game seed: 2411308482123359327

151 DoubleLucky the Caller (level 5, -8/28 HPs)
             Began as a Tengu Summoner on Sept 27, 2021.
             Was an Initiate of Sif Muna.
             Splashed by a jelly's acid (10 damage)
             ... on level 4 of the Dungeon.
             The game lasted 00:14:52 (2829 turns).

DoubleLucky the Caller (Tengu Summoner)             Turns: 2829, Time: 00:14:53

Health: -8/28      AC: -6    Str: 10    XL:     5   Next: 33%
Magic:  8/9        EV: 14    Int: 15    God:    Sif Muna [......]
Gold:   113        SH:  0    Dex: 14    Spells: 2/8 levels left

rFire    . . .     SeeInvis .   c - +0 trident (venom)
rCold    . . .     Faith    .   (no shield)
rNeg     . . .     Spirit   .   a - +0 robe
rPois    .         Reflect  .   (helmet restricted)
rElec    .         Harm     .   (no cloak)
rCorr    .         Rampage  .   (no gloves)
Will     +....                  (boots unavailable)
Stlth    ++........             d - amulet of regeneration
HPRegen  1.09/turn              (no ring)
MPRegen  0.11/turn              k - ring of willpower

@: corroded, flying quickly and evasively, quick
A: beak, talons 3, nimble flight
a: Renounce Religion


You were on level 4 of the Dungeon.
You worshipped Sif Muna.
Sif Muna was noncommittal.
You visited 1 branch of the dungeon, and saw 4 of its levels.

You collected 113 gold pieces.

Inventory:

Hand Weapons
 c - a +0 trident of venom (weapon)
 i - a +4 dagger
Armour
 a - a +0 robe (worn)
Jewellery
 d - an amulet of regeneration (around neck)
 k - a ring of willpower (right hand)
 p - an amulet of reflection
Scrolls
 b - 7 scrolls of identify {unknown}
 e - a scroll of enchant weapon {unknown}
 g - 3 scrolls of fog {unknown}
 j - a scroll of fear {unknown}
 n - 2 scrolls of noise {unknown}
 o - a scroll of blinking {unknown}
Potions
 f - a potion of haste {unknown}
 h - a potion of curing {unknown}
 l - a potion of brilliance {unknown}
 m - a potion of degeneration {unknown}


   Skills:
 - Level 2.1 Dodging
 - Level 2.0 Stealth
 - Level 2.0 Spellcasting
 + Level 7.8 Summonings


You had 2 spell levels left.
You knew the following spells:

 Your Spells              Type           Power      Damage    Failure   Level
a - Summon Small Mammal   Summ           96%        N/A       1%          1
b - Call Imp              Summ           24%        N/A       1%          2
c - Call Canine Familiar  Summ           24%        N/A       2%          3

Your spell library contained the following spells:

 Spells                   Type           Power      Damage    Failure   Level
 Summon Guardian Golem    Hex/Summ       13%        N/A       14%         3
 Summon Lightning Spire   Summ/Air       13%        N/A       41%         4
 Ozocubu's Armour         Ice            1%         N/A       54%         3
 Metabolic Englaciation   Hex/Ice        0%         N/A       99%         5
 Simulacrum               Ice/Necr       0%         N/A       100%        6


Dungeon Overview and Level Annotations

Branches:
Dungeon (4/15)
 Temple: D:4-7

Altars:
Ashenzari
Sif Muna

Annotations:
D:3 4 transporters, bobkasz2's ghost, weakling OpFi


Innate Abilities, Weirdness & Mutations

You have a beak for a mouth.
You have claws for feet.
Your magical nature lets you fly swiftly and evasively.


Message History

You kill the hobgoblin!
You swap places.
There is a shimmering blue altar of Sif Muna here.
You swap places.
There is a shimmering blue altar of Sif Muna here.
You hover solemnly before the altar of Sif Muna.
Unknown command.
Press < or > to pray at altars.
You hover solemnly before the altar of Sif Muna.
You hover solemnly before the altar of Sif Muna.
Sif Muna welcomes you!
Your crimson imp disappears in a puff of smoke!
You swap places.
A jelly comes into view.
A nearby plant withers and dies.
A jelly is nearby!
You reach to attack!
You hit the jelly.
The jelly is poisoned.
The jelly is moderately wounded.
Your bat disappears in a puff of smoke!
Your bat hits the jelly.
Your bat is burned by acid!
Your bat dies!
Your bat's corpse disappears in a puff of smoke!
Your rat bites the jelly.
Your rat is burned by acid!
Your rat dies!
Your rat's corpse disappears in a puff of smoke!
You hit the jelly.
Your hands burn!
You peck the jelly.
The jelly is almost dead.
The jelly closely misses you.
You hit the jelly but do no damage. The acid corrodes you!
Your hands burn!
You peck the jelly, but do no damage.
The jelly is almost dead.
The jelly hits you.
You are splashed with acid!
The jelly hits you. The acid corrodes you!
You are splashed with acid!
* * * LOW HITPOINT WARNING * * *
The jelly hits you.
* * * LOW HITPOINT WARNING * * *
You are splashed with acid!
You die...

#...PP.PPPP.....# ..#
#...PP$.........#
...# #..PP.......####
...#
#..PP..####.#####...#
#..PP..#............#
#..PP..#._..........#
#......#............#
#.....J.............#
###....@†....########
############


You could see a jelly (very poisoned).

Vanquished Creatures
  2 adders (D:3)
  A worm (D:3)
  3 endoplasms
  A giant cockroach (D:3)
  4 goblins
  4 hobgoblins
  5 kobolds
  A quokka (D:1)
  4 ball pythons
  3 bats
  4 rats
32 creatures vanquished.

Vanquished Creatures (collateral kills)
  An ogre (D:4)
  A bullfrog zombie (D:3)
  3 adders
  2 dart slugs
  An orc (D:3)
  3 ball pythons (D:1)
  3 endoplasms
  3 giant cockroaches
  3 goblins
  4 hobgoblins
  2 jackals (D:4)
  A bat (D:1)
  A frilled lizard (D:3)
  2 kobolds
  3 rats
33 creatures vanquished.

Vanquished Creatures (others)
  3 plants (D:4)
3 creatures vanquished.

Grand Total: 68 creatures vanquished

Notes
Turn   | Place    | Note
-------+----------+-------------------------------------------
     0 | D:1      | DoubleLucky the Tengu Summoner began the quest for the Orb.
     0 | D:1      | Reached XP level 1. HP: 10/10 MP: 4/4
    97 | D:1      | Reached skill level 5 in Summonings
   324 | D:1      | Reached XP level 2. HP: 15/15 MP: 3/6
   327 | D:1      | Learned a level 2 spell: Call Imp
   905 | D:2      | Found a faded altar of an unknown god.
   954 | D:2      | Reached XP level 3. HP: 19/19 MP: 5/7
   958 | D:2      | Learned a level 3 spell: Call Canine Familiar
  1079 | D:2      | Reached skill level 6 in Summonings
  1719 | D:3      | Found a transporter.
  1807 | D:3      | Noticed bobkasz2's ghost (weakling OpFi)
  1812 | D:3      | Noticed an ice beast
  1823 | D:3      | Found a transporter.
  1926 | D:3      | Reached XP level 4. HP: 23/24 MP: 5/8
  2140 | D:3      | Found a transporter.
  2173 | D:3      | Found a transporter.
  2266 | D:3      | Found a broken altar of Ashenzari.
  2434 | D:3      | Reached skill level 7 in Summonings
  2542 | D:4      | Noticed an ogre
  2673 | D:4      | Killed an ogre
  2674 | D:4      | Gained mutation: Your magical nature lets you fly swiftly
                  | and evasively. [Tengu growth]
  2674 | D:4      | Reached XP level 5. HP: 28/28 MP: 1/9
  2784 | D:4      | Found a shimmering blue altar of Sif Muna.
  2820 | D:4      | Became a worshipper of Sif Muna the Loreminder
  2829 | D:4      | Splashed by a jelly's acid

Illustrated notes

Levels and vault maps discovered:
D:1:      dpeg_arrival_windows_large_door, layout_loops_ring, minmay_octomino_e4
D:2:      layout_basic, dreamdust_ecumenical_altar_statues
D:3:      gammafunk_steamed_eel, layout_loops_ring, ashenzari_altar_1,
          gammafunk_ghost_arena, kennysheep_cross_room
D:4:      layout_gridville, mainiacjoe_overflow_chevrons,
          minmay_temple_entry_tees, uniq_eustachio

Skill      XL: |  1  2  3  4 |
---------------+-------------+-----
Summonings     | 5 6 7 |  7.8
Dodging        | |  2.1
Stealth        | |  2.0
Spellcasting   | |  2.0

Action                   |  1- 3 |  4- 6 || total
-------------------------+-------+-------++-------
Melee: Trident           |    44 |    23 ||    67
       Kick              |     9 |     3 ||    12
       Peck              |     2 |     4 ||     6
 Cast: Summon Small Mamm |    42 |    15 ||    57
       Call Imp          |     7 |     9 ||    16
 Stab: Sleeping          |     4 |       ||     4
Armor: Robe              |     4 |     2 ||     6
Dodge: Dodged            |    11 |    15 ||    26
